 Dungeon Crawl Stone Soup version 0.28.0-43-g3370ac3207 (webtiles) character file.

Game seed: 13302883765918343648

256 CryoSword the Ruffian (level 5, -2/43 (45) HPs)
             Began as a Draconian Transmuter on Mar 26, 2022.
             Slain by Pikel
             ... wielding a +1 whip of freezing
              (4 damage)
             ... on level 4 of the Dungeon.
             The game lasted 00:04:33 (4512 turns).

CryoSword the Ruffian (Draconian Transmuter)        Turns: 4512, Time: 00:04:34

HP:   -2/43 (45)    AC:  5    Str: 12    XL:     5   Next: 92%
MP:   8/8           EV: 11    Int: 16    God:
Gold: 87            SH:  4    Dex: 11    Spells: 2/8 levels left

rFire   . . .      SeeInvis .   c - +1 dagger (venom)
rCold   . . .      Faith    .   j - +0 buckler
rNeg    . . .      Spirit   .   (armour unavailable)
rPois   .          Reflect  .   (helmet restricted)
rElec   .          Harm     .   (no cloak)
rCorr   .          Rampage  .   (no gloves)
Will    .....                   (no boots)
Stlth   +.........              (no amulet)
HPRegen 0.14/turn               (no ring)
MPRegen 0.11/turn               (no ring)

@: slowed, lightly drained, very slow
A: AC +5, unfitting armour, cold-blooded
a: no special abilities


You were on level 4 of the Dungeon.
You visited 1 branch of the dungeon, and saw 4 of its levels.

You collected 87 gold pieces.

Inventory:

Hand Weapons
 c - a +1 dagger of venom (weapon)
   (You took it off a goblin on level 1 of the Dungeon)
Missiles
 b - 10 poisoned darts
 h - 4 silver boomerangs
Armour
 j - a +0 buckler (worn)
   (You found it on level 2 of the Dungeon)
Wands
 o - a wand of digging (4)
   (You took it off Ijyb on level 3 of the Dungeon)
Scrolls
 f - a scroll of blinking {unknown}
 g - 3 scrolls of identify {unknown}
 i - a scroll of acquirement {unknown}
 k - a scroll of vulnerability {unknown}
 l - a scroll of amnesia {unknown}
 p - a scroll of teleportation {unknown}
Potions
 a - a potion of might {unknown}
 d - a potion of lignification {unknown}
 e - 2 potions of degeneration {unknown}
 m - a potion of heal wounds {@q2}
 n - a potion of cancellation {unknown}


   Skills:
 + Level 3.0 Fighting
 - Level 1.7 Dodging
 - Level 2.2 Shields
 * Level 4.8 Unarmed Combat
 - Level 2.0 Spellcasting
 * Level 3.2 Transmutations
 + Level 0.0 Poison Magic


You had 2 spell levels left.
You knew the following spells:

 Your Spells              Type           Power      Damage    Failure   Level
a - Beastly Appendage     Tmut           24%        N/A       7%          1
b - Wereblood             Tmut           12%        N/A       11%         2
c - Spider Form           Tmut/Pois      6%         N/A       38%         3

Your spell library contained the following spells:

 Spells                   Type           Power      Damage    Failure   Level
 Gell's Gravitas          Tloc           1%         N/A       63%         3
 Teleport Other           Tloc           1%         N/A       63%         3
 Ice Form                 Ice/Tmut       6%         N/A       80%         4
 Dispersal                Tloc           0%         N/A       100%        6


Dungeon Overview and Level Annotations

Branches:
Dungeon (4/15)
 Temple: D:4-7

Altars:

Annotations:
D:3 Edmund
D:4 Pikel


Innate Abilities, Weirdness & Mutations

Your plain brown scales are hard. (AC +5)
You cannot fit into any form of body armour.
You are cold-blooded and may be slowed by cold attacks.


Message History

Found a crooked ivory wand.
You grow a pair of large bovine horns.
Your feet morph into talons.
The ball python bites you but does no damage.
The ball python misses you.
The ufetubus shouts!
You hit the ball python.
The ball python is poisoned.
Your kick misses the ball python. You tail-slap the ball python.
You kill the ball python!
Found 7 gold pieces.
The ufetubus hits you but does no damage.
The ufetubus completely misses you. The ufetubus barely misses you. x2
You see here a ball python corpse.
You barely miss the ufetubus. Your kick misses the ufetubus.
Your tail-slap misses the ufetubus.
The ufetubus hits you. The ufetubus closely misses you.
You barely miss the ufetubus. Your kick misses the ufetubus.
Your tail-slap misses the ufetubus.
The ufetubus hits you but does no damage.
You block the ufetubus's attack. The ufetubus closely misses you.
The ufetubus barely misses you.
You hit the ufetubus but do no damage. The ufetubus closely misses you.
The ufetubus barely misses you.
You closely miss the ufetubus. Your kick misses the ufetubus.
Your headbutt misses the ufetubus. The ufetubus barely misses you.
The ufetubus hits you. The ufetubus misses you.
You block the ufetubus's attack.
You hit the ufetubus.
The ufetubus hits you but does no damage.
The ufetubus closely misses you.
You hit the ufetubus but do no damage.
The ufetubus is poisoned.
Your tail-slap misses the ufetubus.
The ufetubus hits you. The ufetubus closely misses you.
The ufetubus hits you. x2
You closely miss the ufetubus. You claw the ufetubus.
Your tail-slap misses the ufetubus.
You kill the ufetubus!
No target in view!
A goblin comes into view. It is wielding a +0 dagger.
A goblin is nearby!
A goblin is nearby!
Your transformation is almost over.
The goblin shouts!
Found a scroll labelled BAFULO ERITTI.
Found a stone staircase leading down.
You hit the goblin.
You kill the goblin!
A white imp comes into view.
Edmund shouts!
Found 21 bolts.
The white imp gestures at you. You block the puff of frost.
Your horns disappear.
Your talons disappear.
The white imp gestures at you. The puff of frost hits you.
The white imp gestures at you. The puff of frost hits you!
* * * LOW HITPOINT WARNING * * *
You see here a ball python corpse.
You see here 14 arrows.
There is a stone staircase leading up here.
Edmund closely misses you.
You climb upwards.
There is a stone staircase leading down here.
Edmund clears his throat.
Edmund hits you with a +2 flail of draining!
* * * LOW HITPOINT WARNING * * *
You feel drained.
There is a stone staircase leading up, spattered with blood here.
Edmund clears his throat.
Things that are here:
a +0 club; a +0 short sword
There is a stone staircase leading up here.
You climb upwards.
There is a stone staircase leading down here.
There is a stone staircase leading down here.
You start resting.
You climb downwards.
Level annotation: Edmund
There is a stone staircase leading up here.
There is a stone staircase leading up here.
There is a stone staircase leading down here.
You climb downwards.
There is a stone staircase leading up here.
Things that are here:
a wand of polymorph (10); a +0 dagger You now have 87 gold pieces (gained 7).
p - a scroll labelled BAFULO ERITTI An endoplasm comes into view.
The endoplasm quivers.
You grow a pair of large bovine horns.
Your feet morph into talons.
You hit the endoplasm. You claw the endoplasm.
You kill the endoplasm!
No target in view!
Could not explore, unopened door.
You open the door.
There is an open door here.
A lemure comes into view.
Your transformation is almost over.
The lemure shouts!
You hear a shout!
A lemure comes into view.
The lemure shouts!
There are monsters nearby!
There are monsters nearby!
Pikel, Merchant of Souls comes into view.
He is wielding a +1 whip of freezing and wearing a +2 robe of cold resistance.
Found 2 potions of heal wounds.
Pikel shouts!
You hear a shout!
You closely miss the lemure.
A lemure comes into view.
You block the lemure's attack.
You barely miss the lemure. You hit Pikel but do no damage.
You claw Pikel, but do no damage. Your headbutt misses Pikel.
You tail-slap Pikel, but do no damage. You hit Pikel but do no damage.
Pikel is poisoned.
Your kick misses Pikel. Pikel closely misses you.
You closely miss Pikel. Your headbutt misses Pikel.
Your tail-slap misses Pikel.
Pikel hits you with a +1 whip of freezing!
You feel yourself slow down. Pikel freezes you.
You barely miss Pikel.
Pikel hits you with a +1 whip of freezing.
Pikel freezes you. Pikel barely misses you.
You hit Pikel but do no damage.
Pikel looks as sick as possible!
You claw Pikel.
Your horns disappear.
Your talons disappear.
You feel yourself speed up.
Pikel hits you with a +1 whip of freezing.
Pikel freezes you.
* * * LOW HITPOINT WARNING * * *
A lemure comes into view.
You completely miss Pikel. Pikel barely misses you.
You hit Pikel but do no damage.
Pikel looks as sick as possible!
Your tail-slap misses Pikel.
You block Pikel's attack.
Found a stone staircase leading down.
You closely miss Pikel.
Your tail-slap misses Pikel.
Pikel hits you with a +1 whip of freezing.
* * * LOW HITPOINT WARNING * * *
Pikel freezes you.
* * * LOW HITPOINT WARNING * * *
You barely miss Pikel.
Pikel hits you with a +1 whip of freezing!
* * * LOW HITPOINT WARNING * * *
You feel yourself slow down. Pikel freezes you.
* * * LOW HITPOINT WARNING * * *
Pikel hits you with a +1 whip of freezing!
* * * LOW HITPOINT WARNING * * *
You feel as though you will be slow longer.
Pikel freezes you.
* * * LOW HITPOINT WARNING * * *
Pikel says, "Don't tell anyone, but I think Ereshkigal likes me."
Pikel hits you with a +1 whip of freezing.
You die...

#.....####### #........55.#
#.....5####!# ### #....5.# #<#
#......# #.#
...######'#5#.####. #5#
.................>.# #.#
#.#######.#.######.# #.#
##..5555K@..# #.#
#....##################.##
#####.####.รท..........(.5....#
#..........###################
#..........# #....../...#
#..........# ###>.........#
.............#


You could see Pikel (very poisoned) and 4 lemures.

Vanquished Creatures
  A water moccasin zombie (D:3)
  2 orc priests (D:3)
  Terence (D:2)
  Ijyb (D:3)
  An adder (D:3)
  A howler monkey skeleton (D:3)
  An ufetubus (D:4)
  A dart slug (D:2)
  8 orcs (D:3)
  2 ball pythons
  2 bats (D:3)
  5 endoplasms
  A giant cockroach (D:3)
  4 goblins
  4 hobgoblins
  8 jackals
  5 kobolds
  3 quokkas
  5 rats
56 creatures vanquished.

Notes
Turn   | Place    | Note
-------+----------+-------------------------------------------
     0 | D:1      | CryoSword the Draconian Transmuter began the quest for the
                  | Orb.
     0 | D:1      | Reached XP level 1. HP: 16/16 MP: 3/3
   343 | D:1      | Reached XP level 2. HP: 17/23 MP: 3/5
   454 | D:1      | Learned a level 2 spell: Wereblood
  1397 | D:2      | Noticed Terence
  1613 | D:2      | Reached XP level 3. HP: 27/29 MP: 6/6
  1942 | D:2      | Killed Terence
  1943 | D:2      | Reached skill level 4 in Unarmed Combat
  2815 | D:3      | Reached skill level 1 in Shields
  2815 | D:3      | Reached XP level 4. HP: 15/37 MP: 7/7
  3172 | D:3      | Reached XP level 5. HP: 29/42 MP: 6/8
  3588 | D:3      | Noticed Ijyb
  3603 | D:3      | Killed Ijyb
  3949 | D:3      | Learned a level 3 spell: Spider Form
  4117 | D:4      | Noticed Edmund
  4487 | D:4      | Noticed a lemure
  4487 | D:4      | Noticed a lemure
  4489 | D:4      | Noticed Pikel
  4490 | D:4      | Noticed a lemure
  4496 | D:4      | Noticed a lemure
  4510 | D:4      | HP: 2/43 [Pikel/+1 whip of freezing (1)]
  4512 | D:4      | Slain by Pikel

Illustrated notes

Levels and vault maps discovered:
D:1:      scummos_arrival_simple_fountains, layout_basic, st_stairs_13,
          grunt_decor_resistance, minmay_parallelograms, nrook_uturn
D:2:      layout_loops_ring, kennysheep_cross_bottleneck, uniq_terence
D:3:      layout_rooms, chequers_arboretum, uniq_ijyb
D:4:      layout_basic, nicolae_figureground_pulse, uniq_pikel, uniq_menkaure,
          uniq_edmund

Skill      XL: |  1  2  3  4  5 |
---------------+----------------+-----
Fighting       | 2 3 |  3.0
Unarmed Combat | 4 |  4.8
Shields        | 1 2 |  2.2
Transmutations | 3 |  3.2
Dodging        | |  1.7
Spellcasting   | |  2.0

Action                   |  1- 3 |  4- 6 || total
-------------------------+-------+-------++-------
Melee: Unarmed           |    51 |       ||    51
       Kick              |    22 |    16 ||    38
       Tailslap          |    11 |    12 ||    23
       Dagger            |    56 |    87 ||   143
       Headbutt          |     8 |    13 ||    21
       Punch             |     1 |       ||     1
 Cast: Beastly Appendage |    17 |    10 ||    27
Armor: Skin              |    35 |    22 ||    57
Dodge: Dodged            |    69 |    53 ||   122
Block: Buckler           |     2 |    17 ||    19
